 Dungeon Crawl Stone Soup version 0.25.1-2-g60ff931df9 (webtiles) character file.

Game seed: 17345455919907187445

249 funkygono the Conjurer (level 5, -6/38 HPs)
             Began as a Draconian Conjurer on Oct 11, 2020.
             Mangled by Sigmund
             ... wielding a +0 vampiric scythe
              (12 damage)
             ... on level 3 of the Dungeon.
             The game lasted 00:05:02 (3352 turns).

funkygono the Conjurer (Draconian Conjurer)         Turns: 3352, Time: 00:05:03

Health: -6/38      AC:  5    Str: 10    XL:     5   Next: 86%
Magic:  0/9        EV: 12    Int: 17    God:
Gold:   142        SH:  0    Dex: 11    Spells: 4/10 levels left

rFire    . . .     SeeInvis .   d - +1 club
rCold    . . .     Gourm    .   (no shield)
rNeg     . . .     Faith    .   (armour unavailable)
rPois    .         Spirit   .   (helmet restricted)
rElec    .         Reflect  .   (no cloak)
rCorr    .         Harm     .   (no gloves)
MR       .....                  (no boots)
Stlth    ++........             (no amulet)
HPRegen  0.12/turn              (no ring)
MPRegen  0.11/turn              (no ring)

@: no status effects
A: unfitting armour, cold-blooded, AC +5
a: no special abilities


You were on level 3 of the Dungeon.
You were not hungry.

You visited 1 branch of the dungeon, and saw 3 of its levels.

You collected 142 gold pieces.

Inventory:

Hand Weapons
 d - a +1 club (weapon)
Missiles
 a - 71 stones (quivered)
Jewellery
 g - an uncursed ring of stealth {unknown}
Potions
 c - a potion of heal wounds {unknown}
 e - a potion of brilliance {unknown}
 h - 4 potions of curing
 i - a potion of might {unknown}
 j - 2 potions of mutation {unknown}
Comestibles
 b - 5 rations


   Skills:
 + Level 0.4 Maces & Flails
 * Level 2.6 Dodging
 + Level 3.1 Stealth
 * Level 3.1 Spellcasting
 * Level 5.5 Conjurations


You had 4 spell levels left.
You knew the following spells:

 Your Spells              Type           Power        Failure   Level  Hunger
a - Magic Dart            Conj           ###.         1%          1    None
b - Searing Ray           Conj           ###...       2%          2    ##.....
c - Dazzling Flash        Conj/Hex       ##....       17%         3    ###....

Your spell library contained the following spells:

 Spells                   Type           Power        Failure   Level  Hunger
 Fulminant Prism          Conj/Hex       ##........   50%         4    ####...
 Iskenderun's Mystic Bla  Conj/Tloc      ##......     50%         4    ####...


Dungeon Overview and Level Annotations

Branches:
Dungeon (3/15)

Altars:
Cheibriados
Dithmenos

Annotations:
D:3 Sigmund


Innate Abilities, Weirdness & Mutations

Your plain brown scales are hard. (AC +5)
You cannot fit into any form of body armour.
You are cold-blooded and may be slowed by cold attacks.


Message History

Something hits you!
* * * LOW HITPOINT WARNING * * *
Casting: Searing Ray (safe; 2% risk of failure)
Confirm with . or Enter, or press ? or * to list all spells.
Aiming: Searing Ray (safe; 2% risk of failure)
Press: ? - help, Shift-Dir - straight line, f - you That beam is likely to hit you.
Continue anyway?
Okay, then.
Okay, then.
Casting: Searing Ray (safe; 2% risk of failure)
Confirm with . or Enter, or press ? or * to list all spells.
Aiming: Searing Ray (safe; 2% risk of failure)
Press: ? - help, Shift-Dir - straight line (Press . to maintain the ray.)
The searing ray hits something!
You hear some strange, mumbled words.
A puff of flame appears from out of thin air!
The puff of flame misses you. Something hits you!
You die...

....[[.)....# #.#
####.######.# #.#
.....# #.# #.# ######
#.# #.# ♣ # #.# #.##
..♣ # #.# #..#♣♣≈.≈≈
#.# #>.'?....≈
#.##########..'..≈...
#.....@.{....##♣♣≈≈.≈
############..# ♣
#.## #.#####++#
#.##.#...# #..#...#
#.#..# ##.###.## #.#
##.#


There were no monsters in sight!

Vanquished Creatures
  A bullfrog (D:2)
  An orc priest (D:3)
  Terence (D:2)
  Robin (D:3)
  3 adders (D:2)
  An ooze (D:1)
  5 dart slugs
  A leopard gecko (D:1)
  4 orcs (D:3)
  2 ball pythons
  2 giant cockroaches
  15 goblins
  9 hobgoblins
  3 jackals (D:1)
  9 kobolds
  7 bats
  4 frilled lizards
  8 rats
77 creatures vanquished.

Notes
Turn   | Place    | Note
-------+----------+-------------------------------------------
     0 | D:1      | funkygono the Draconian Conjurer began the quest for the
                  | Orb.
     0 | D:1      | Reached XP level 1. HP: 14/14 MP: 3/3
   158 | D:1      | Reached XP level 2. HP: 13/20 MP: 0/5
   165 | D:1      | Learned a level 2 spell: Searing Ray
   591 | D:1      | Reached XP level 3. HP: 26/26 MP: 4/6
  1381 | D:2      | Reached skill level 5 in Conjurations
  1417 | D:2      | Found a snail-covered altar of Cheibriados.
  1620 | D:2      | Reached XP level 4. HP: 33/33 MP: 3/7
  1675 | D:2      | Found a shadowy altar of Dithmenos.
  2049 | D:2      | Noticed Terence
  2054 | D:2      | Killed Terence
  2215 | D:2      | Noticed a bullfrog
  2223 | D:2      | Killed a bullfrog
  2223 | D:2      | Reached XP level 5. HP: 33/38 MP: 1/9
  2606 | D:3      | Noticed Robin
  2613 | D:2      | Learned a level 3 spell: Dazzling Flash
  2618 | D:3      | Killed Robin
  3332 | D:3      | Noticed Sigmund
  3352 | D:3      | Mangled by Sigmund

Illustrated notes

Levels and vault maps discovered:
D:1:      wander_arrival_lonely_grave, layout_loops_cross
D:2:      layout_basic, nicolae_overflow_crystal_walls,
          grunt_dithmenos_smoke_and_mirrors, uniq_terence
D:3:      layout_loops_ring, grunt_temple_overflow_cloverleaf,
          kennysheep_generic_room_4, uniq_jessica, uniq_sigmund, uniq_robin

Skill      XL: |  1  2  3  4  5 |
---------------+----------------+-----
Dodging        | 2 |  2.6
Conjurations   | 5 |  5.5
Stealth        | 3 |  3.1
Spellcasting   | 3 |  3.1
Maces & Flails | |  0.4

Action                   |  1- 3 |  4- 6 || total
-------------------------+-------+-------++-------
Melee: Club              |    27 |     4 ||    31
       Unarmed           |     4 |       ||     4
       Tailslap          |     2 |       ||     2
 Cast: Magic Dart        |    52 |    32 ||    84
       Searing Ray       |     8 |    13 ||    21
  Use: Scroll            |     4 |     1 ||     5
  Eat: Chunk             |     3 |     6 ||     9
Armor: Skin              |    15 |     5 ||    20
Dodge: Dodged            |    22 |    12 ||    34
